 Dungeon Crawl Stone Soup version 0.31-a0-925-g0a390f2509 (webtiles) character file.

Game seed: 4055558195142951789

658895 wingedge the Sorcerer (level 26, -13/218 HPs)
             Began as a Mummy Earth Elementalist on Oct 13, 2023.
             Was the Champion of Vehumet.
             Mangled by a death cob (19 damage)
             ... on level 3 of the Realm of Zot on Oct 18, 2023.
             The game lasted 07:34:45 (97484 turns).

wingedge the Sorcerer (Mummy Earth Elementalist)   Turns: 97484, Time: 07:34:45

Health: -13/218    AC: 26    Str: 17    XL:     26   Next: 98%
Magic:  1/49       EV: 12    Int: 36    God:    Vehumet [******]
Gold:   7553       SH: 13    Dex:  9    Spells: 4/69 levels left

rFire   + + .        d - +9 demon blade (protect)
rCold   + + +        Q - +2 buckler {rC+ rF+}
rNeg    + + +        J - +6 fire dragon scales {Xtahua}
rPois   ∞            K - +1 helmet of Cowardice {*Corrode rC++ Int+2}
rElec   +            X - +0 cloak of the Disturbing Youths {Int+4}
rCorr   +            h - +1 pair of gloves {Stlth+}
SInv    +            H - +0 pair of boots
Will    ++++.        r - amulet "Zirod" {Reflect Regen+ Int+3 Slay+5 SH+5 SInv}
Stlth   +            v - ring "Caisum" {rCorr Str+6 Int+4 Dex-4}
HPRegen 1.36/turn    w - ring of Kime {rElec rPois rN+ Will+ Str-3}
MPRegen 0.31/turn

%: corrode self (3%), reflection, faith
@: about to teleport, slightly contaminated, slowed, studying 3 skills, very
slow
A: cold resistance 1, negative energy resistance 3, torment resistance 2, heat
vulnerability 1, in touch with death 2, no potions, faith
}: 5/15 runes: decaying, serpentine, slimy, silver, abyssal
a: Renounce Religion


You were on level 3 of the Realm of Zot.
You worshipped Vehumet.
Vehumet was exalted by your worship.
You visited 12 branches of the dungeon, and saw 55 of its levels.
You visited the Abyss 1 time.
You visited 1 bazaar.
You also visited: Sewer, Ossuary, Bailey, Ice Cave, Volcano and Wizlab.

You collected 12268 gold pieces.
You spent 4715 gold pieces at shops.

Inventory:

Hand Weapons
 a - the +6 Majin-Bo {spellvamp, MP+6 Int+6}
   (You acquired it on level 3 of the Dungeon)

   Int+6:     It affects your intelligence (+6).
   MP+6:      It affects your magic capacity (+6).
 b - a +9 double sword of freezing
 c - the +5 short sword of Den Ozup {drain, rElec rF+++ rC- Int-2}
   (You found it on level 5 of the Pits of Slime)

   Int-2:     It affects your intelligence (-2).
   rF+++:     It renders you almost immune to fire.
   rC-:       It makes you vulnerable to cold.
   rElec:     It insulates you from electricity.
 d - a +9 demon blade of protection (weapon)
 e - the +6 trident of Friendship {pain, rF- rN+ Will+ Int+3}
   (You took it off a kobold in a bailey)

   Int+3:     It affects your intelligence (+3).
   rF-:       It makes you vulnerable to fire.
   rN+:       It protects you from negative energy.
   Will+:     It increases your willpower.
 t - a +9 double sword of electrocution
 G - the +1 trident of Neomomiu {drain, rC++}
   (You found it on level 5 of the Dungeon)

   rC++:      It greatly protects you from cold.
 V - a +1 demon blade of venom
Missiles
 U - 6 throwing nets
Armour
 h - a +1 pair of gloves of stealth (worn)
 o - the +2 hood of the Assassin {Detect Stab+ Stlth++}
   (You bought it in a shop on level 2 of the Orcish Mines)

   Detect:    It allows the wearer to sense nearby creatures.
   Stab+:     It allows the wearer to make particularly effective stabbing
   attacks against helpless or unaware enemies with any weapon.
   Stlth++:   It makes you much more stealthy.
 y - the +1 helmet of Farfalle {Regen+}
   (You found it on level 3 of the Crypt)

   Regen+:    It increases your rate of health regeneration.
 B - +6 acid dragon scales
 H - a +0 pair of boots (worn)
 J - +6 fire dragon scales (worn) {Xtahua}
 K - the +1 helmet of Cowardice (worn) {*Corrode rC++ Int+2}
   (You found it on level 3 of the Elven Halls)

   Int+2:     It affects your intelligence (+2).
   rC++:      It greatly protects you from cold.
   *Corrode:  It may corrode you when you take damage.
 Q - a +2 buckler of resistance (worn)
 X - the +0 cloak of the Disturbing Youths (worn) {Int+4}
   (You found it on level 12 of the Dungeon)

   Int+4:     It affects your intelligence (+4).
Magical Staves
 g - the staff "Zurph" {rN+ Str+3 Necro}
   (You found it on level 3 of the Crypt)

   [staff of death]

   Base accuracy: +5 Base damage: 5 Base attack delay: 1.2 This weapon's minimum
   attack delay (0.6) is reached at skill level 12.
   Str+3:     It affects your strength (+3).
   rN+:       It protects you from negative energy.
   Necro:     It increases the power of your Necromancy spells.
   It falls into the 'Staves' category.
   It is a one-handed weapon.
Jewellery
 f - a ring of flight
 i - a ring of the Octopus King {rF+ HP+2 AC+2 EV+2 SH+2}
   (You found it on level 2 of the Depths)

   [ring of protection from fire]

   AC+2:      It affects your AC (+2).
   EV+2:      It affects your evasion (+2).
   rF+:       It protects you from fire.
   HP+2:      It affects your health (+2).
   SH+2:      It affects your SH (+2).
 l - a ring of resist corrosion
 m - a ring of protection from cold
 q - a +5 ring of evasion
 r - the amulet "Zirod" (around neck) {Reflect Regen+ Int+3 Slay+5 SH+5 SInv}
   (You bought it in a shop on level 4 of the Vaults)

   [amulet of reflection]

   Reflect:   It reflects blocked missile attacks.
   Int+3:     It affects your intelligence (+3).
   Slay+5:    It affects your accuracy & damage with ranged weapons and melee
   (+5).
   SInv:      It lets you see invisible.
   Regen+:    It increases your rate of health regeneration.
   SH+5:      It affects your SH (+5).
 s - the ring "Birr" {Int+4 SInv}
   (You bought it in a shop on level 2 of the Orcish Mines)

   [ring of see invisible]

   Int+4:     It affects your intelligence (+4).
   SInv:      It lets you see invisible.
 u - a +6 ring of intelligence
 v - the ring "Caisum" (left hand) {rCorr Str+6 Int+4 Dex-4}
   (You found it on level 2 of the Depths)

   [ring of strength]

   Str+6:     It affects your strength (+6).
   Int+4:     It affects your intelligence (+4).
   Dex-4:     It affects your dexterity (-4).
   rCorr:     It protects you from acid and corrosion.
 w - the ring of Kime (right hand) {rElec rPois rN+ Will+ Str-3}
   (You acquired it on level 3 of the Dungeon)

   [ring of willpower]

   Str-3:     It affects your strength (-3).
   rElec:     It insulates you from electricity.
   rPois:     It protects you from poison rN+: It protects you from negative
   energy.
   Will+:     It increases your willpower.
 x - the amulet "Romiruoj" {Reflect rElec rCorr Str+3 Slay+3 SH+5}
   (You found it on level 2 of the Depths)

   [amulet of reflection]

   Reflect:   It reflects blocked missile attacks.
   Str+3:     It affects your strength (+3).
   Slay+3:    It affects your accuracy & damage with ranged weapons and melee
   (+3).
   rElec:     It insulates you from electricity.
   rCorr:     It protects you from acid and corrosion.
   SH+5:      It affects your SH (+5).
 z - a ring of wizardry
 E - a +4 ring of slaying
 M - the ring of Beogh's Hatred {rC+ Will- Int+4}
   (You found it on level 2 of the Depths)

   [ring of protection from cold]

   Int+4:     It affects your intelligence (+4).
   rC+:       It protects you from cold.
   Will-:     It decreases your willpower.
 N - an amulet of magic regeneration
 O - a +4 ring of protection
 T - the ring of Utaho {Fire Int+3}
   (You took it off a deep elf demonologist on level 5 of the Vaults)

   [ring of fire]

   Fire:      It enhances your fire magic.
   Int+3:     It affects your intelligence (+3).
   rF+:       It protects you from fire.
   rC-:       It makes you vulnerable to cold.
Wands
 I - a wand of digging (17)
Scrolls
 j - 4 scrolls of poison
 k - 10 scrolls of immolation
 n - 4 scrolls of revelation
 p - 11 scrolls of teleportation
 A - 3 scrolls of fog
 D - 7 scrolls of fear
 F - 3 scrolls of torment
 L - a scroll of enchant weapon
Miscellaneous
 C - a sack of spiders
 R - a condenser vane
 W - a phantom mirror (quivered)


   Skills:
 + Level 20.0 Fighting
 + Level 12.8 Long Blades
 + Level 12.3 Armour
 - Level 10.0 Dodging
 - Level 3.0 Stealth
 - Level 11.0 Shields
 - Level 22.0 Spellcasting
 - Level 13.0 Conjurations
 - Level 13.0 Summonings
 + Level 16.5 Necromancy
 - Level 2.0 Translocations
 - Level 2.0 Transmutations
 * Level 8.2 Fire Magic
 - Level 14.0 Ice Magic
 * Level 10.8 Air Magic
 - Level 10.0 Earth Magic
 - Level 2.0 Poison Magic


You had 4 spell levels left.
You knew the following spells:

 Your Spells              Type           Power      Damage    Failure   Level
a - Fireball              Conj/Fire      43%        3d17      1%          5
b - Stone Arrow           Conj/Erth      100%       3d13      1%          3
c - Borgnjor's Vile Clut  Necr/Erth      70%        N/A       1%          5
f - Plasma Beam           Fire/Air       41%        2x1d55    2%          6
h - Bombard               Conj/Erth      44%        9d8       1%          6
i - Irradiate             Conj/Tmut      38%        3d24      1%          5
j - Spellforged Servitor  Conj/Summ      46%        N/A       2%          7
k - Ozocubu's Refrigerat  Ice            48%        4d18      1%          7
l - Conjure Ball Lightni  Conj/Air       45%        3x3d16    1%          6
n - Haunt                 Necr/Summ      72%        N/A       4%          7
u - Simulacrum            Ice/Necr       73%        N/A       1%          6
z - Blink                 Tloc           100%       N/A       1%          2

Your spell library contained the following spells:

 Spells                   Type           Power      Damage    Failure   Level
 Chain Lightning          Conj/Air       45%        3d60      98%         9
 Freeze                   Ice            100%       1d10      0%          1
 Kiss of Death            Conj/Necr      100%       2d13      0%          1
 Magic Dart               Conj           100%       1d8       0%          1
 Necrotise                Necr           100%       1d9       0%          1
 Shock                    Conj/Air       100%       1d9       0%          1
 Summon Small Mammal      Summ           100%       N/A       0%          1
 Searing Ray              Conj           100%       2d8       0%          2
 Frozen Ramparts          Ice            100%       1d16      0%          3
 Vampiric Draining        Necr           100%       2d13      0%          3
 Apportation              Tloc           100%       N/A       1%          1
 Foxfire                  Conj/Fire      100%       2x1d9     1%          1
 Sandblast                Erth           100%       2d20      1%          1
 Call Imp                 Summ           100%       N/A       1%          2
 Ensorcelled Hibernation  Hex/Ice        100%       N/A       1%          2
 Lesser Beckoning         Tloc           100%       N/A       1%          2
 Momentum Strike          Conj/Tloc      100%       3d10      1%          2
 Passwall                 Tmut/Erth      58%        N/A       1%          2
 Poisonous Vapours        Pois/Air       100%       N/A       1%          2
 Scorch                   Fire           100%       2d9       1%          2
 Static Discharge         Conj/Air       100%       2-7/arc   1%          2
 Call Canine Familiar     Summ           93%        N/A       1%          3
 Hailstorm                Conj/Ice       95%        3d19      1%          3
 Inner Flame              Hex/Fire       62%        N/A       1%          3
 Mephitic Cloud           Conj/Pois/Air  80%        N/A       1%          3
 Ozocubu's Armour         Ice            96%        N/A       1%          3
 Summon Guardian Golem    Hex/Summ       72%        N/A       1%          3
 Swiftness                Air            87%        N/A       1%          3
 Volatile Blastmotes      Fire/Tloc      100%       2d18      1%          3
 Airstrike                Air            43%        2d(7-23)  1%          4
 Animate Armour           Summ/Erth      100%       N/A       1%          4
 Animate Dead             Necr           100%       N/A       1%          4
 Brom's Barrelling Bould  Conj/Erth      89%        2d10      1%          4
 Flame Wave               Conj/Fire      86%        2d18      1%          4
 Fulminant Prism          Conj/Hex       36%        3d17      1%          4
 Iskenderun's Mystic Bla  Conj/Tloc      76%        2d15      1%          4
 Petrify                  Tmut/Erth      70%        N/A       1%          4
 Sticky Flame             Conj/Fire      86%        2d10      1%          4
 Summon Ice Beast         Ice/Summ       95%        N/A       1%          4
 Slow                     Hex            100%       N/A       2%          1
 Gell's Gravitas          Tloc           52%        N/A       3%          3
 Teleport Other           Tloc           52%        N/A       3%          3
 Leda's Liquefaction      Hex/Erth       33%        N/A       3%          4
 Confusing Touch          Hex            39%        N/A       8%          3
 Sigil of Binding         Hex            39%        N/A       8%          3
 Tukima's Dance           Hex            39%        N/A       8%          3
 Manifold Assault         Tloc           52%        N/A       11%         4
 Dimensional Bullseye     Hex/Tloc       23%        N/A       16%         4
 Freezing Cloud           Conj/Ice/Air   46%        6-21      1%          5
 Iskenderun's Battlesphe  Conj           93%        2d14      1%          5
 Lee's Rapid Deconstruct  Erth           42%        3d20*     1%          5
 Death Channel            Necr           75%        N/A       1%          6
 Starburst                Conj/Fire      43%        6d12      1%          6
 Summon Cactus Giant      Summ           46%        N/A       1%          6
 Metabolic Englaciation   Hex/Ice        37%        N/A       3%          5
 Summon Forest            Summ/Tloc      38%        N/A       3%          5
 Summon Hydra             Summ           46%        N/A       10%         7
 Yara's Violent Unravell  Hex/Tmut       23%        3d10      12%         5
 Infestation              Necr           75%        N/A       19%         8
 Alistair's Intoxication  Tmut/Pois      34%        N/A       30%         5
 Lehudib's Crystal Spear  Conj/Erth      44%        10d11     34%         8
 Eringya's Noxious Bog    Tmut/Pois      26%        4d6       38%         6
 Dispersal                Tloc           26%        N/A       86%         6
 Polar Vortex             Ice            48%        12d6*     86%         9
 Enfeeble                 Hex            19%        N/A       100%        7
 Discord                  Hex            19%        N/A       100%        8
 Disjunction              Tloc           26%        N/A       100%        8


Dungeon Overview and Level Annotations

Branches:
Dungeon (15/15)            Temple (1/1) D:4            Lair (5/5) D:10
  Swamp (4/4) Lair:2        Snake (4/4) Lair:3        Slime (5/5) Lair:4
    Orc (2/2) D:11            Elf (3/3) Orc:2        Vaults (5/5) D:14
  Crypt (3/3) Vaults:3       Tomb (0/3) Crypt:3      Depths (4/4) D:15
    Zot (4/5) Depths:4      Sewer (visited)         Ossuary (visited)
 Bailey (visited)           IceCv (visited)         Volcano (visited)
 WizLab (visited)

Altars:
Ashenzari
Cheibriados
Dithmenos
Fedhas
Gozag
Hepliaklqana
Kikubaaqudgha
Makhleb
Nemelex Xobeh
Okawaru
Qazlal
Ru
Sif Muna
Trog
Uskayaw
Vehumet
Wu Jian
Xom
Yredelemnul
Jiyva

Shops:
D:9 ?   Orc:2 :[**:((   Snake:3 *   Snake:4 *   Vaults:2 !(   Vaults:3 (
Vaults:4 *   Vaults:5 *   Depths:2 (

Portals:
Hell: Depths:1 Depths:2 Depths:3 Depths:4
Abyss: Depths:2 Depths:3
Pandemonium: Depths:2 Depths:4
Ziggurat: Depths:2

Annotations:
D:15 chain lightning as first 9?
Swamp:1 -Meph Cloud, +Servitor -> Chain Lightning
Snake:2 chain lightning
Slime:3 Haunt -> Chain Light
Orc:1 clutch
Vaults:1 tighten up servitor -> Chain lightning | Next lvl -> INT
Vaults:2 shields up to help with Servitor, but won't be useful for L9 spells


Innate Abilities, Weirdness & Mutations

You are immune to poison.
Your flesh is cold resistant. (rC+)
You are immune to negative energy. (rN+++)
You are immune to unholy pain and torment.
You are vulnerable to heat. (rF-)
You are strongly in touch with the powers of death.
You do not drink.
You have a special connection with the divine. (Faith)


Message History

The deathcap is engulfed in freezing vapours.
The deathcap splashes around in the water.
The storm dragon bites you but does no damage.
You block the storm dragon's attack.
The storm dragon tramples you but does no damage.
The moth of wrath bites you but does no damage.
The death cob splashes around in the water.
You can't drink.
Unknown command.
Okay, then.
Casting: Irradiate (mildly dangerous; 1% risk of failure)
Confirm with . or Enter, or press ? or * to list all spells.
You erupt in a fountain of uncontrolled magic!
The storm dragon is blasted with magical radiation!!
The storm dragon is lightly wounded.
The wandering mushroom is blasted with magical radiation!!!
The wandering mushroom is severely damaged.
The wandering mushroom twists and deforms.
The deathcap is blasted with magical radiation!!!
You destroy the deathcap!
The deathcap disappears in a puff of smoke!
The deathcap is blasted with magical radiation!!
The deathcap is severely damaged.
The death cob is blasted with magical radiation!!!
The death cob is heavily damaged.
The deathcap is blasted with magical radiation!!!
You destroy the deathcap!
The deathcap disappears in a puff of smoke!
The curse toe is blasted with magical radiation!!
The curse toe is moderately damaged.
The moth of wrath is blasted with magical radiation!!
The moth of wrath is heavily wounded.
The moth of wrath twists and deforms.
You are lightly contaminated with residual magic.
The death cob hits you.
* * * LOW HITPOINT WARNING * * *
You block the storm dragon's attack.
The storm dragon claws you but does no damage.
You block the storm dragon's attack. The death cob hits you!!
You die... ########### ##.........# ##........... ###..y......... #...yDDfyyX...d

#...q§Dzzy>....
#..§f@§y≈....
...q.§§fz8§~d..
.......y~§~<...
.##...?.<~.....
...(..........
...............
..........D....
..(...$........


You could see a tentacled monstrosity, a golden dragon (berserk, catching
breath), 2 storm dragons, a curse toe, 2 death cobs, a quicksilver dragon, a
deathcap (summoned), 6 moths of wrath and 2 wandering mushrooms.

Vanquished Creatures
  the Royal Jelly (Slime:5)
  A dread lich (Vaults:5)
  A juggernaut (Depths:3)
  Mennas (Vaults:4)
  Sojobo (Vaults:5)
  Vv (Crypt:3)
  Boris (Crypt:1)
  Saint Roka (Snake:2)
  Bai Suzhen (Swamp:3)
  Margery (Vaults:4)
  A curse toe (Zot:2)
  Xtahua (Vaults:4)
  Frederick (Crypt:2)
  5 golden dragons
  7 caustic shrikes (Depths:4)
  A bone dragon (Crypt:3)
  An electric golem (Zot:4)
  7 tentacled monstrosities
  A walking crystal tome (Depths:2)
  Asterion (Snake:2)
  A walking divine tome (Depths:2)
  A walking frostbound tome (Depths:3)
  3 liches
  A quicksilver dragon (Depths:3)
  2 sphinxes
  2 titans
  A deep elf blademaster (Elf:2)
  14 acid blobs
  2 deep elf master archers (Elf:3)
  3 shadow dragons
  2 tentacled starspawn (Abyss:3)
  3 ancient champions
  Gastronok (Lair:2)
  2 death cobs (Zot:1)
  2 thorn hunters (Swamp:4)
  2 draconian monks
  10 storm dragons
  5 nagarajas (Snake:4)
  5 revenants
  Donald (Snake:1)
  Kirke (Snake:3)
  Roxanne (D:14)
  3 tengu reavers
  Aizul (Snake:1)
  The ghost of liarliar the Ninja, an adept SpBr of Wu Jian (Swamp:4)
  2 draconian knights (Zot:1)
  16 rockslimes
  11 azure jellies
  6 frost giants
  2 iron dragons
  2 balrugs
  A caustic shrike zombie (Depths:3)
  A deep elf sorcerer (Elf:3)
  9 fire giants
  2 draconian shifters
  A ghost moth (Zot:1)
  18 vault wardens
  4 curse skulls
  A draconian scorcher (Zot:1)
  3 deep elf elementalists (Elf:3)
  The ghost of promet the Blocker, a journeyman GnFi of Uskayaw (Lair:5)
  A reaper (Depths:4)
  6 ghouls
  16 quicksilver oozes
  The ghost of Mahus the Bludgeoner, a journeyman GrBe of Trog (Swamp:1)
  3 spriggan defenders
  18 ironbound preservers
  3 war gargoyles
  6 draconian annihilators
  2 formless jellyfish (Vaults:4)
  4 orc warlords
  A caustic shrike skeleton (Crypt:3)
  8 ironbound thunderhulks
  16 very ugly things
  A juggernaut skeleton (Crypt:3)
  10 vampire knights
  10 deep elf demonologists
  14 stone giants
  5 eleionomae
  5 green draconians
  2 deep elf annihilators (Elf:3)
  4 black draconians
  12 dire elephants
  11 purple draconians
  9 yellow draconians
  7 white draconians
  5 bunyips
  5 red draconians
  2 spark wasps (Depths:2)
  5 eidola
  A crystal guardian (Vaults:4)
  9 fire dragons
  2 shambling mangroves (Swamp:4)
  A merfolk javelineer (Depths:4)
  5 deep elf death magi
  4 deep elf high priests
  11 ettins
  An entropy weaver (D:14)
  12 yaktaur captains
  A spriggan zombie (Depths:3)
  10 great orbs of eyes
  3 ice dragons (Depths:2)
  5 rakshasas (Depths:2)
  44 vault guards
  5 alligators
  21 hydras
  2 ghost crabs (Swamp:4)
  A fenstrider witch skeleton (Crypt:3)
  5 boulder beetles
  9 ironbound frosthearts
  An anaconda (shapeshifter) (Depths:3)
  A death knight (D:13)
  4 ogre magi
  6 spriggan air magi
  2 catoblepae
  3 death yaks
  14 anacondas
  2 peacekeepers (Vaults:4)
  24 dancing weapons
  A juggernaut simulacrum (Depths:3)
  13 centaur warriors
  4 deep troll earth magi
  16 two-headed ogres
  21 naga warriors
  5 deep troll shamans
  A demonic crawler (Abyss:3)
  4 hell hogs
  An Orb Guardian skeleton (Crypt:3)
  6 vampire magi
  An orc high priest (Orc:2)
  2 titan zombies
  4 shock serpents
  Nergalle (Orc:2)
  4 soul eaters
  3 spriggan berserkers
  Urug (D:13)
  A sun demon (Depths:3)
  8 tengu warriors
  6 naga sharpshooters
  2 fire crabs
  9 hell knights
  12 deep elf knights
  5 salamander mystics
  A wretched star (Abyss:4)
  A sixfirhy (Abyss:3)
  A storm dragon skeleton (Crypt:3)
  2 large abominations (Abyss:3)
  A spark wasp zombie (Depths:3)
  A skyshark (Lair:5)
  26 skeletal warriors
  2 titan skeletons (Crypt:3)
  6 flayed ghosts
  5 glowing orange brains
  5 goliath frogs
  2 shadow wraiths
  5 sea snakes (Snake:4)
  7 spriggan druids
  2 iron trolls
  8 swamp dragons
  6 lindwurms
  9 naga ritualists
  44 deep trolls
  4 bog bodies
  A golden dragon skeleton (Crypt:3)
  2 anaconda skeletons (Crypt:3)
  2 spectral hydras (Swamp:4)
  2 orange crystal statues
  5 harpies (Vaults:1)
  11 ironbound convokers
  16 mana vipers
  14 phantasmal warriors
  11 deep elf archers
  A jorogumo zombie (Crypt:2)
  28 deep elf pyromancers
  16 deep elf zephyrmancers
  13 orc knights
  7 occultists
  7 shining eyes
  12 necromancers
  2 orc sorcerers
  21 salamanders
  18 ugly things
  3 oklob plants (Swamp:4)
  A cyclops (D:14)
  11 moths of wrath
  16 elephants
  6 will-o-the-wisps
  6 manticores
  2 worldbinders (Abyss:3)
  A shadow dragon skeleton (Crypt:3)
  A moth of wrath (shapeshifter) (Vaults:5)
  A stone giant skeleton (Crypt:1)
  2 naga zombies (Crypt:3)
  A centaur zombie (Crypt:2)
  6 guardian serpents
  38 black mambas
  4 eyes of devastation
  2 smoke demons
  19 vault sentinels
  2 molten gargoyles (Lair:5)
  11 naga magi
  5 dire elephant skeletons (Crypt:3)
  7 nameless horrors
  13 cane toads
  15 komodo dragons
  3 kobold demonologists
  17 yaktaurs
  An efreet (D:13)
  An elephant slug zombie (Crypt:1)
  A naga skeleton (Crypt:3)
  4 rime drakes
  An alligator snapping turtle skeleton (Crypt:3)
  2 freezing wraiths
  13 tengu conjurers
  A swamp worm zombie (Crypt:3)
  An elf skeleton (Vaults:3)
  A green draconian skeleton (Crypt:1)
  A catoblepas skeleton (Crypt:2)
  A hydra zombie (Swamp:4)
  2 death drake zombies (Swamp:4)
  2 meliai (shapeshifter)
  A queen bee (Lair:1)
  2 trolls (Orc:1)
  3 bloated husks
  6 meliai
  15 blink frogs
  3 polar bears
  11 tyrant leeches
  21 hornets
  A jumping spider zombie (Crypt:3)
  4 raiju (Abyss:3)
  An ettin zombie (Crypt:3)
  A wind drake (shapeshifter) (Elf:2)
  2 hydra skeletons (Swamp:4)
  3 harpy skeletons
  A troll (shapeshifter) (Elf:1)
  A death drake skeleton (Swamp:4)
  A meliai zombie (Crypt:3)
  A draconian simulacrum (Crypt:2)
  A centaur simulacrum (Abyss:3)
  9 flying skulls
  A culicivora (shapeshifter) (Elf:2)
  78 slime creatures
  2 spriggans (shapeshifter)
  Sigmund (D:3)
  8 wraiths
  A shadow (D:13)
  2 vampires (D:12)
  23 spriggans
  5 air elementals
  10 water elementals
  40 yaks
  A slime creature zombie (Crypt:2)
  3 fire bats (Volcano)
  5 hogs (Snake:3)
  6 wyverns
  3 humans (D:14)
  4 golden eyes (Slime:4)
  3 fire elementals
  A golden eye (shapeshifter) (D:13)
  4 steam dragons
  15 vampire mosquitoes
  8 basilisks
  The ghost of Xavori the Sneak, an amateur OpCK of Xom (D:3)
  A demonspawn zombie (Crypt:1)
  7 wargs
  A spatial vortex (Abyss:4)
  39 nagas
  3 acid dragons
  A glowing shapeshifter skeleton (Vaults:3)
  11 swamp worms
  A fire bat skeleton (Crypt:1)
  3 hydra simulacra (Swamp:4)
  11 water moccasins
  A floating eye (shapeshifter) (Vaults:4)
  7 hell hounds
  A deep troll skeleton (Crypt:3)
  A demonspawn skeleton (Crypt:2)
  A swamp drake (Swamp:4)
  8 floating eyes
  An ettin simulacrum (Orc:1)
  52 orc warriors
  2 swamp dragon zombies (Swamp:4)
  3 ice beasts
  A sky beast (D:6)
  2 black bears
  8 ogres
  11 wolves
  A swamp dragon skeleton (Swamp:4)
  A hog zombie (Crypt:3)
  11 centaurs
  3 orc skeletons (Orc:1)
  A slime creature simulacrum (IceCv)
  5 kobold brigands
  4 necrophages
  5 bullfrogs
  A cyclops zombie (Orc:1)
  A gnoll sergeant (D:10)
  3 scorpions (D:5)
  A glowing shapeshifter simulacrum (IceCv)
  3 earth elementals
  27 wights
  2 small abominations (Abyss:3)
  A warg skeleton (Orc:1)
  32 killer bees
  2 howler monkeys
  3 human zombies (Ossuary)
  5 lava snakes (Lair:5)
  7 jellies
  3 hounds
  33 orc priests
  3 sleepcaps
  5 starcursed masses
  3 gnoll boudas
  An iron imp (Abyss:3)
  4 iguanas
  24 orc wizards
  A troll simulacrum (Orc:1)
  An ogre zombie (Orc:1)
  2 ogre skeletons (Orc:1)
  3 mummies
  19 gnolls
  8 adders
  An ogre simulacrum (Orc:1)
  4 river rats (Sewer)
  A steam dragon zombie (Crypt:1)
  3 shadow imps
  3 white imps
  An ufetubus (D:4)
  An orc simulacrum (Orc:1)
  3 adder zombies (Ossuary)
  4 worms
  The ghost of XomNomNom the Sneak, a weakling HODe of Nemelex Xobeh (D:5)
  6 dart slugs
  An adder simulacrum (D:3)
  115 orcs
  A bat skeleton (Crypt:3)
  4 endoplasms
  5 giant cockroaches
  5 hobgoblins
  3 jackals (Sewer)
  A kobold (shapeshifter) (Vaults:4)
  38 kobolds
  7 quokkas
  13 ball pythons
  A ball python simulacrum (D:3)
  17 bats
  7 frilled lizards
  A giant cockroach simulacrum (D:3)
  16 goblins
  A goblin zombie (Ossuary)
  8 hobgoblin zombies (Ossuary)
  2 jackal zombies (Ossuary)
  14 kobold zombies
  8 orc zombies
  A rat skeleton (Crypt:1)
  A lurking horror (Abyss:3)
  A starspawn tentacle (Abyss:3)
2288 creatures vanquished.

Vanquished Creatures (collateral kills)
  An ancient lich (Crypt:1)
  A dread lich (Crypt:3)
  A caustic shrike (Depths:4)
  A curse toe (Zot:1)
  7 golden dragons
  A bone dragon (Depths:4)
  4 tentacled monstrosities
  6 liches
  2 deep elf blademasters (Elf:3)
  2 quicksilver dragons (Zot:1)
  2 titans (Vaults:5)
  2 acid blobs (Slime:5)
  4 ancient champions (Crypt:3)
  3 death cobs
  A tentacled starspawn (Abyss:3)
  3 tengu reavers (Vaults:5)
  3 shadow dragons
  A draconian monk (Zot:1)
  2 rockslimes
  2 revenants
  2 azure jellies
  3 deep elf sorcerers (Elf:3)
  3 draconian scorchers
  An iron dragon (Vaults:5)
  2 frost giants
  7 vault wardens
  A deep elf elementalist (Elf:3)
  A draconian stormcaller (WizLab)
  3 draconian shifters (Zot:1)
  6 very ugly things
  2 ghouls (Crypt:2)
  3 ironbound preservers
  A war gargoyle (Vaults:5)
  4 quicksilver oozes
  A draconian annihilator (Depths:4)
  2 ironbound thunderhulks
  2 stone giants (Depths:2)
  2 deep elf annihilators (Elf:3)
  4 vampire knights
  A green draconian (Zot:1)
  2 black draconians
  A caustic shrike skeleton (Crypt:3)
  8 dire elephants
  6 purple draconians
  2 yellow draconians
  5 spark wasps
  A red draconian (Depths:4)
  2 eidola
  A quicksilver dragon zombie (Abyss:3)
  9 statues (WizLab)
  A deep elf death mage (Elf:3)
  3 ettins
  A crystal guardian (Vaults:4)
  A fire dragon (Depths:3)
  3 yaktaur captains
  4 great orbs of eyes
  3 ice dragons
  A rakshasa (Depths:3)
  A hydra (Lair:5)
  A radroach (shapeshifter) (Depths:4)
  15 vault guards
  A centaur warrior (Vaults:1)
  3 spriggan air magi
  3 two-headed ogres (Vaults:5)
  2 ironbound frosthearts (Vaults:1)
  A death knight (Crypt:2)
  5 dancing weapons
  A deep troll shaman (Depths:2)
  4 spriggan berserkers
  2 vampire magi
  A sun demon (Depths:3)
  2 soul eaters (Depths:3)
  2 titan skeletons (Crypt:3)
  3 deep elf knights
  14 skeletal warriors
  A shadow wraith (Crypt:3)
  2 wretched stars (Abyss:3)
  17 deep trolls
  A spatial maelstrom (Abyss:4)
  An orange crystal statue (IceCv)
  2 phantasmal warriors
  An occultist (Vaults:3)
  4 lindwurms (Vaults:1)
  A deep elf pyromancer (Elf:3)
  A necromancer (Crypt:3)
  3 ironbound convokers (Vaults:4)
  5 harpies (Vaults:1)
  A large abomination (Abyss:3)
  A fire giant zombie (Vaults:2)
  2 salamanders (Depths:4)
  A cyclops (shapeshifter) (Vaults:5)
  5 ugly things
  A will-o-the-wisp (Abyss:3)
  2 moths of wrath
  A worldbinder (Abyss:4)
  A centaur zombie (Crypt:2)
  7 vault sentinels
  An apocalypse crab (Abyss:3)
  A centaur skeleton (Crypt:3)
  A yellow draconian zombie (Crypt:2)
  An elf skeleton (Vaults:2)
  5 yaktaurs
  5 tengu conjurers
  An efreet (Abyss:3)
  4 freezing wraiths
  2 ancient zymes (Abyss:3)
  A hornet (Depths:4)
  2 human skeletons (Vaults:2)
  A tarantella zombie (Crypt:1)
  A harpy skeleton (Crypt:2)
  36 slime creatures
  8 flying skulls
  3 spriggans
  A wraith (Crypt:2)
  3 small abominations (Abyss:3)
  A water nymph zombie (Crypt:2)
  A hydra simulacrum (Swamp:4)
  A naga skeleton (Crypt:3)
  A water nymph skeleton (Crypt:1)
  5 great orb of eyes simulacra (IceCv)
  An ettin simulacrum (Vaults:2)
  A swamp dragon skeleton (Swamp:4)
  2 slime creature simulacra (IceCv)
  A salamander zombie (Crypt:3)
  An earth elemental (Elf:3)
  2 glowing shapeshifter simulacra (IceCv)
  3 wights (Crypt:3)
  9 starcursed masses (Abyss:3)
  An iron imp (Abyss:3)
  An ice beast zombie (Crypt:2)
  A hound skeleton (Crypt:3)
  A starspawn tentacle (Abyss:3)
386 creatures vanquished.

Vanquished Creatures (others)
  A deep elf knight (Elf:3)
  A necromancer (Crypt:1)
  A human (Snake:3)
  96 ball lightnings
  4 foxfires
  A lurking horror (Abyss:3)
  11 starspawn tentacles (Abyss:3)
115 creatures vanquished.

Grand Total: 2789 creatures vanquished

Notes
Turn   | Place    | Note
-------+----------+-------------------------------------------
     0 | D:1      | wingedge the Mummy Earth Elementalist began the quest for
                  | the Orb.
     0 | D:1      | Reached XP level 1. HP: 13/13 MP: 4/4
   162 | D:1      | Reached skill level 3 in Spellcasting
   265 | D:1      | Reached XP level 2. HP: 19/19 MP: 4/6
   825 | D:2      | Reached XP level 3. HP: 24/24 MP: 4/8
   831 | D:2      | Reached skill level 4 in Spellcasting
   878 | D:2      | Reached skill level 1 in Conjurations
   955 | D:2      | Learned a level 3 spell: Stone Arrow
  1327 | D:2      | Found a faded altar of an unknown god.
  1805 | D:3      | Reached XP level 4. HP: 15/30 MP: 1/10
  1944 | D:3      | Noticed Sigmund
  1972 | D:3      | Identified 2 scrolls of acquirement
  1972 | D:3      | Acquired the +6 Majin-Bo {spellvamp, MP+6 Int+6}
  1972 | D:3      | Found the +6 Majin-Bo {spellvamp, MP+6 Int+6}
  1977 | D:3      | Killed Sigmund
  1978 | D:3      | Reached skill level 1 in Fighting
  1978 | D:3      | Reached XP level 5. HP: 11/39 MP: 1/11
  2092 | D:3      | Acquired the ring of Kime {rElec rPois rN+ Will+ Str-3}
  2166 | D:3      | Learned a level 2 spell: Passwall
  2261 | D:3      | Found a runed translucent gate.
  2261 | D:3      | Found a runed translucent gate.
  2261 | D:3      | Found a runed translucent gate.
  2273 | D:3      | Noticed Xavori's ghost (amateur OpCK)
  2308 | D:3      | Reached XP level 6. HP: 45/46 MP: 7/12
  2659 | D:3      | Killed Xavori's ghost
  3047 | D:4      | Reached skill level 5 in Spellcasting
  3047 | D:4      | Reached XP level 7. HP: 49/53 MP: 3/14
  3620 | D:4      | Found a staircase to the Ecumenical Temple.
  3679 | Temple   | Entered the Ecumenical Temple
  3698 | D:4      | Learned a level 3 spell: Call Canine Familiar
  3907 | D:5      | Entered Level 5 of the Dungeon
  3922 | D:5      | Learned a level 3 spell: Mephitic Cloud
  4026 | D:5      | Found a runed translucent gate.
  4029 | D:5      | Identified the +1 trident of Neomomiu {drain, rC++}
  4031 | D:5      | Found a runed translucent gate.
  4031 | D:5      | Found a runed translucent gate.
  4032 | D:5      | Noticed XomNomNom's ghost (weakling HODe)
  4248 | D:5      | Noticed a two-headed ogre
  4255 | D:5      | Killed a two-headed ogre
  4256 | D:5      | Reached skill level 5 in Fighting
  4256 | D:5      | Reached skill level 1 in Air Magic
  4256 | D:5      | Reached skill level 1 in Poison Magic
  4256 | D:5      | Reached XP level 8. HP: 64/64 MP: 3/15
  4591 | D:5      | Reached skill level 1 in Ice Magic
  4597 | D:5      | Learned a level 5 spell: Freezing Cloud
  4727 | D:6      | Reached skill level 6 in Spellcasting
  4925 | D:6      | Found an ancient bone altar of Kikubaaqudgha.
  4925 | D:6      | Found an ornate altar of the Wu Jian Council.
  4944 | D:6      | Found a glowing drain.
  4961 | Sewer    | Entered a sewer
  5158 | Sewer    | Reached skill level 7 in Spellcasting
  5616 | D:6      | Reached XP level 9. HP: 33/69 MP: 17/20
  5946 | D:6      | Found a shadowy altar of Dithmenos.
  5947 | D:6      | Found an iron altar of Okawaru.
  5955 | D:6      | Found a radiant altar of Vehumet.
  5955 | D:6      | Found a sparkling altar of Nemelex Xobeh.
  5993 | D:6      | Became a worshipper of Vehumet
  6309 | D:6      | Reached skill level 8 in Spellcasting
  6342 | D:6      | Reached skill level 1 in Summonings
  6605 | D:7      | Found a sand-covered staircase.
  6613 | Ossuary  | Entered an ossuary
  6623 | Ossuary  | Reached * piety under Vehumet
  6623 | Ossuary  | Offered knowledge of Magic Dart by Vehumet.
  6888 | Ossuary  | Offered knowledge of Searing Ray by Vehumet.
  6893 | Ossuary  | Reached ** piety under Vehumet
  7781 | D:7      | Offered knowledge of Momentum Strike by Vehumet.
  8161 | D:8      | Noticed a two-headed ogre
  8170 | D:8      | Killed a two-headed ogre
  8171 | D:8      | Reached skill level 9 in Spellcasting
  8238 | D:8      | Reached *** piety under Vehumet
  8360 | D:8      | Reached XP level 10. HP: 76/79 MP: 13/23
  8366 | D:8      | Reached skill level 10 in Spellcasting
  8442 | D:8      | Learned a level 4 spell: Iskenderun's Mystic Blast
  8699 | D:9      | Offered knowledge of Hailstorm by Vehumet.
  8700 | D:9      | Reached skill level 1 in Translocations
  8763 | D:9      | Reached skill level 1 in Armour
  8773 | D:9      | Reached skill level 11 in Spellcasting
  8773 | D:9      | Reached **** piety under Vehumet
  8797 | D:9      | Found Ruogioqi's Magic Scroll Emporium.
  8813 | D:9      | Bought a scroll of summoning for 133 gold pieces
  8840 | D:9      | Got an exquisite book
  8998 | D:9      | Offered knowledge of Lee's Rapid Deconstruction by Vehumet.
  9139 | D:9      | Found a flagged portal.
  9153 | Bailey   | Entered a bailey
  9248 | Bailey   | Identified the +6 trident of Friendship {pain, rF- rN+
                  | Will+ Int+3}
  9390 | Bailey   | Reached ***** piety under Vehumet
  9439 | Bailey   | Identified the +5 dagger of Evil {pain, rF++ rC- Dex+2}
  9724 | D:9      | Offered knowledge of Eringya's Noxious Bog by Vehumet.
  9724 | D:9      | Noticed a five-headed hydra
  9728 | D:9      | Killed a five-headed hydra
  9729 | D:9      | Reached XP level 11. HP: 74/86 MP: 22/26
  9900 | D:10     | Entered Level 10 of the Dungeon
 10105 | D:10     | Found a broken altar of Ashenzari.
 10265 | D:10     | Found an opulent altar of Gozag.
 10270 | D:10     | Found a bloodstained altar of Trog.
 10539 | D:10     | Reached skill level 12 in Spellcasting
 10825 | D:10     | Found a staircase to the Lair.
 11164 | Lair:1   | Entered Level 1 of the Lair of Beasts
 11388 | Lair:1   | Reached skill level 5 in Armour
 11402 | Lair:1   | Reached skill level 13 in Spellcasting
 11688 | Lair:1   | Reached skill level 14 in Spellcasting
 12057 | Lair:1   | Reached XP level 12. HP: 90/92 MP: 27/30
 12492 | Lair:2   | Reached skill level 1 in Shields
 12707 | Lair:2   | Noticed Gastronok
 12719 | Lair:2   | Killed Gastronok
 12720 | Lair:2   | Reached skill level 15 in Spellcasting
 13288 | Lair:2   | Found a staircase to the Swamp.
 13394 | Lair:2   | Offered knowledge of Ozocubu's Refrigeration by Vehumet.
 13498 | Lair:2   | Learned a level 7 spell: Ozocubu's Refrigeration
 13676 | Lair:3   | Found a dark tunnel.
 13680 | Volcano  | Entered a volcano
 13702 | Volcano  | Noticed a hell hog
 13708 | Volcano  | Killed a hell hog
 13793 | Volcano  | Reached skill level 5 in Ice Magic
 13933 | Lair:3   | Learned a level 5 spell: Iskenderun's Battlesphere
 14043 | Lair:3   | Found a staircase to the Snake Pit.
 14051 | Lair:3   | Gained mutation: You are strongly in touch with the powers
                  | of death. [Mummy growth]
 14051 | Lair:3   | Reached XP level 13. HP: 94/103 MP: 29/32
 14135 | Lair:3   | Reached skill level 10 in Fighting
 15240 | Lair:4   | Found a staircase to the Slime Pits.
 15604 | Lair:5   | Entered Level 5 of the Lair of Beasts
 15752 | Lair:5   | Offered knowledge of Plasma Beam by Vehumet.
 15865 | Lair:5   | Found a transporter.
 15902 | Lair:5   | Reached skill level 16 in Spellcasting
 15973 | Lair:5   | Noticed promet's ghost (journeyman GnFi)
 16004 | Lair:5   | Found a transporter.
 16414 | Lair:5   | Found a bloodstained altar of Trog.
 16592 | Lair:5   | Reached XP level 14. HP: 113/114 MP: 3/34
 16672 | Lair:5   | Reached skill level 5 in Conjurations
 16870 | Lair:5   | Found a large runed translucent door.
 16871 | Lair:5   | Found a large runed translucent door.
 18037 | D:5      | Killed XomNomNom's ghost
 18277 | D:10     | Learned a level 6 spell: Bombard
 18367 | D:11     | Found a sacrificial altar of Ru.
 18648 | D:11     | Found a staircase to the Orcish Mines.
 19039 | Orc:1    | Entered Level 1 of the Orcish Mines
 19082 | Orc:1    | Reached ****** piety under Vehumet
 19327 | Orc:1    | Offered knowledge of Fireball by Vehumet.
 19373 | D:11     | Learned a level 5 spell: Fireball
 19933 | Orc:2    | Entered Level 2 of the Orcish Mines
 19933 | Orc:2    | Found Vinuivas's Weapon Emporium.
 20229 | Orc:2    | Found Herusk's Book Shoppe.
 20229 | Orc:2    | Noticed a walking frostbound tome
 20232 | Orc:2    | Noticed a walking earthen tome
 20291 | Orc:2    | Reached skill level 1 in Fire Magic
 20464 | Orc:2    | Found Neky's Assorted Antiques.
 20469 | Orc:2    | Found a staircase to the Elven Halls.
 20473 | Orc:2    | Bought a twitching wooden ring for 145 gold pieces
 20473 | Orc:2    | Identified the ring "Birr" {Int+4 SInv} (You bought it in a
                  | shop on level 2 of the Orcish Mines)
 20815 | Orc:2    | Noticed an orc warlord
 20845 | Orc:2    | Killed an orc warlord
 21030 | Orc:2    | Noticed Nergalle
 21035 | Orc:2    | Reached skill level 10 in Ice Magic
 21036 | Orc:2    | Killed Nergalle
 21271 | Orc:2    | Offered knowledge of Starburst by Vehumet.
 21418 | Orc:2    | Found Gawaer's Antique Weapon Emporium.
 21465 | Orc:2    | Found Ussen's Book Emporium.
 21474 | Orc:2    | Bought Great Wizards, Vol. II for 684 gold pieces
 21668 | Orc:2    | Found Zyxt's Antique Armour Emporium.
 21696 | Orc:2    | Found Caroong's General Store.
 22578 | Orc:1    | Noticed an orc warlord
 22578 | Orc:1    | Offered knowledge of Irradiate by Vehumet.
 22580 | Orc:1    | Noticed an orc warlord
 22608 | Orc:1    | Killed an orc warlord
 22909 | Orc:1    | Killed an orc warlord
 22998 | Orc:1    | Identified the +7 trident "Necked" {holy, Will- Str+7}
 23393 | D:12     | Identified the +0 cloak of the Disturbing Youths {Int+4}
 23858 | D:12     | Reached XP level 15. HP: 120/120 MP: 35/35
 23872 | D:12     | Learned a level 5 spell: Irradiate
 24012 | D:12     | Reached skill level 1 in Transmutations
 24334 | D:12     | Upgraded the game from 0.31-a0-876-gfe8ebadbca to
                  | 0.31-a0-879-g1609e0ac53
 24521 | D:13     | Reached skill level 1 in Necromancy
 25304 | D:13     | Noticed Urug
 25310 | D:13     | Killed Urug
 25569 | D:13     | Found a runed translucent door.
 25570 | D:13     | Found a runed translucent door.
 25571 | D:13     | Found a runed translucent door.
 25693 | D:13     | Offered knowledge of Maxwell's Capacitive Coupling by
                  | Vehumet.
 25705 | D:13     | Reached skill level 1 in Long Blades
 25784 | D:13     | Identified the ring of Propriety {rF- rN+ Will++ EV+5
                  | Slay-4}
 26538 | D:14     | Found an ornate altar of the Wu Jian Council.
 26538 | D:14     | Found a transporter.
 26607 | D:14     | Found a transporter.
 26614 | D:14     | Found a transporter.
 26980 | D:14     | Found a transporter.
 26981 | D:14     | Noticed a vault warden
 27027 | D:14     | Found a gate to the Vaults.
 27097 | D:14     | Noticed Roxanne
 27173 | D:14     | Killed Roxanne
 27295 | D:14     | Found a snail-covered altar of Cheibriados.
 27343 | D:14     | Reached skill level 17 in Spellcasting
 27527 | D:14     | Reached skill level 5 in Shields
 27543 | D:14     | Reached skill level 5 in Earth Magic
 27631 | D:14     | Found an ornate altar of the Wu Jian Council.
 27635 | D:14     | Killed a vault warden
 27690 | D:15     | Entered Level 15 of the Dungeon
 27921 | D:15     | Learned a level 5 spell: Borgnjor's Vile Clutch
 28298 | D:15     | Reached XP level 16. HP: 116/127 MP: 33/37
 28391 | D:15     | Offered knowledge of Lehudib's Crystal Spear by Vehumet.
 28391 | D:15     | Offered knowledge of Chain Lightning by Vehumet.
 28391 | D:15     | Offered knowledge of Polar Vortex by Vehumet.
 28498 | D:15     | Found a staircase to the Depths.
 29104 | Orc:2    | Bought the +2 hood of the Assassin {Detect Stab+ Stlth++}
                  | for 2160 gold pieces
 29104 | Orc:2    | Found the +2 hood of the Assassin {Detect Stab+ Stlth++}
 29266 | Snake:1  | Entered Level 1 of the Snake Pit
 29511 | Snake:1  | Noticed Donald
 29517 | Snake:1  | Killed Donald
 29744 | Snake:1  | Noticed Aizul
 29752 | Snake:1  | Killed Aizul
 29838 | Snake:1  | Reached skill level 5 in Necromancy
 30910 | Snake:2  | Noticed Saint Roka
 30922 | Snake:2  | Killed Saint Roka
 30995 | Snake:2  | Upgraded the game from 0.31-a0-879-g1609e0ac53 to
                  | 0.31-a0-881-ge136f0c47a
 32118 | Snake:2  | Noticed Asterion
 32123 | Snake:2  | Noticed an Executioner
 32130 | Snake:2  | Killed Asterion
 32253 | Snake:2  | Upgraded the game from 0.31-a0-881-ge136f0c47a to
                  | 0.31-a0-889-g1a8549509d
 32956 | Snake:3  | Noticed Kirke
 32962 | Snake:3  | Killed Kirke
 33235 | Snake:3  | Reached XP level 17. HP: 136/136 MP: 38/38
 33696 | Snake:3  | Found Ijadiykats's Assorted Antiques.
 33889 | Snake:4  | Entered Level 4 of the Snake Pit
 34141 | Snake:3  | Bought a pair of runed gloves for 285 gold pieces
 34371 | Snake:4  | Found Vuseunn's Overcharged Wands.
 34523 | Snake:4  | Identified the +2 leather armour of Polish {Harm rN++
                  | Regen+}
 35075 | Snake:4  | Got a serpentine rune of Zot
 35888 | Swamp:1  | Entered Level 1 of the Swamp
 36337 | Swamp:1  | Found a runed translucent gate.
 36337 | Swamp:1  | Found a runed translucent gate.
 36337 | Swamp:1  | Found a runed translucent gate.
 36337 | Swamp:1  | Noticed Mahus's ghost (journeyman GrBe)
 36670 | Swamp:1  | Killed Mahus's ghost
 37096 | Swamp:2  | Reached XP level 18. HP: 144/145 MP: 32/39
 38112 | Swamp:3  | Reached skill level 5 in Summonings
 38139 | Swamp:3  | Noticed Bai Suzhen
 38150 | Swamp:3  | Killed Bai Suzhen
 38441 | Swamp:4  | Entered Level 4 of the Swamp
 38441 | Swamp:4  | Found a runed translucent door.
 38483 | Swamp:4  | Noticed liarliar's ghost (adept SpBr)
 38681 | Swamp:4  | Identified the +1 robe "Ecritsi" {rN+}
 39185 | Swamp:4  | Learned a level 7 spell: Spellforged Servitor
 39326 | Swamp:4  | Killed liarliar's ghost
 39605 | Swamp:4  | Reached skill level 18 in Spellcasting
 40071 | Swamp:4  | Found a blossoming altar of Fedhas.
 40165 | Swamp:4  | Got a decaying rune of Zot
 40184 | Swamp:4  | Found a basalt altar of Yredelemnul.
 40563 | Vaults:5 | Identified the "Behav"
 40563 | Vaults:5 | Identified the "Wuofitrelaj"
 40563 | WizLab   | Identified the "Vuibres"
 40563 | WizLab   | Identified the "Gobanu"
 40563 | WizLab   | Identified the of Xeowos
 40563 | WizLab   | Identified the of Riuhotee
 40563 | Elf:1    | Entered Level 1 of the Elven Halls
 40848 | Elf:1    | Found a flickering gateway to a bazaar.
 40856 | Bazaar   | Entered a bazaar
 40870 | Bazaar   | Found Ovvod's Armour Emporium.
 40890 | Bazaar   | Found Dolammet's Assorted Antiques.
 41501 | Elf:1    | Identified the +3 hand axe of Indomitability {spect, rPois
                  | Dex+4}
 42058 | Elf:2    | Found a runed translucent gate.
 42058 | Elf:2    | Found a runed translucent gate.
 42059 | Elf:2    | Found a runed translucent gate.
 42063 | Elf:2    | Reached XP level 19. HP: 152/152 MP: 31/41
 42186 | Elf:2    | Paralysed by an air elemental for 1 turns
 42289 | Elf:2    | Learned a level 6 spell: Simulacrum
 42572 | Elf:2    | Found an ancient bone altar of Kikubaaqudgha.
 43867 | IceCv    | Identified the "Saese"
 43867 | Elf:3    | Entered Level 3 of the Elven Halls
 43905 | Elf:3    | Found a frozen archway.
 43914 | IceCv    | Entered an ice cave
 44506 | IceCv    | Reached skill level 10 in Conjurations
 44779 | IceCv    | Found a viscous altar of Jiyva.
 44899 | IceCv    | Identified the amulet of the Impish God {Rampage Regen+
                  | Str+3}
 45403 | Elf:3    | Reached skill level 10 in Earth Magic
 45480 | Elf:3    | Reached skill level 10 in Necromancy
 46876 | Elf:3    | Identified the +5 rapier of the Gnat {drain, rPois Dex+3}
 46968 | Elf:3    | Identified the staff "Diddashri" {rC+ rN+ Ice}
 46983 | Elf:3    | Identified the +1 helmet of Cowardice {*Corrode rC++ Int+2}
 46985 | Elf:3    | Identified the +0 ring mail of the Saviour {Contam Harm
                  | Regen+ rCorr}
 46986 | Elf:3    | Identified the +0 trident of Wrath {freeze, rC+ rN+ rCorr
                  | Str-5}
 47022 | Elf:3    | Paralysed by an air elemental for 1 turns
 47705 | Elf:3    | Reached XP level 20. HP: 159/159 MP: 23/42
 47753 | Elf:3    | Identified the +0 robe "Wusaze" {Slay+2}
 48982 | Lair:5   | Killed promet's ghost
 49535 | Vaults:1 | Entered Level 1 of the Vaults
 49538 | Vaults:1 | Reached skill level 5 in Dodging
 50103 | Vaults:1 | Upgraded the game from 0.31-a0-889-g1a8549509d to
                  | 0.31-a0-920-g28cbb04a8c
 50222 | Vaults:1 | Identified the +0 ring mail of the Fletcher {rPois rC+
                  | Int-4}
 53117 | Vaults:2 | Reached skill level 5 in Long Blades
 53335 | Vaults:2 | Reached skill level 10 in Summonings
 53451 | Vaults:2 | Identified the +1 sling "Q" {elec, Str-5 Int+3 Dex+3}
 54694 | Vaults:2 | Reached skill level 15 in Fighting
 54807 | Vaults:2 | Found Hutatim's Weapon Shop.
 54897 | Vaults:2 | Reached XP level 21. HP: 168/168 MP: 20/43
 55131 | Vaults:2 | Found Eqoarghan's Distillery.
 55471 | Vaults:2 | Identified the +5 short sword of the Chickpea {elec, Will+}
 56222 | Vaults:3 | Reached skill level 19 in Spellcasting
 56839 | Vaults:3 | Found a staircase to the Crypt.
 58037 | Vaults:3 | Found Cogaompish's Antique Weapon Shop.
 58588 | Vaults:4 | Reached skill level 10 in Shields
 59009 | Vaults:4 | Found Gotyxt's Assorted Antiques.
 59009 | Vaults:4 | Noticed Mennas
 59344 | Vaults:4 | Noticed a golden dragon
 59354 | Vaults:4 | Killed a golden dragon
 59532 | Vaults:4 | Identified the ring "Mepeoch" {rPois rC+++ Str-2 Int-5
                  | Stlth+}
 59541 | Vaults:4 | Identified the +10 plate armour "Diutax" {Contam rElec
                  | Will++ SInv}
 59662 | Vaults:4 | Bought a smoking diamond amulet for 105 gold pieces
 59662 | Vaults:4 | Identified the amulet "Zirod" {Reflect Regen+ Int+3 Slay+5
                  | SH+5 SInv} (You bought it in a shop on level 4 of the
                  | Vaults)
 60349 | Vaults:4 | Reached skill level 20 in Spellcasting
 60672 | Vaults:4 | Reached XP level 22. HP: 170/178 MP: 34/46
 61457 | Vaults:4 | Noticed Xtahua
 61463 | Vaults:4 | Killed Xtahua
 61633 | Vaults:4 | Noticed Margery
 61643 | Vaults:4 | Killed Margery
 61805 | Vaults:4 | Killed Mennas
 62380 | Vaults:5 | Entered Level 5 of the Vaults
 62610 | Vaults:5 | Reached skill level 5 in Air Magic
 62718 | Vaults:5 | Noticed a golden dragon
 62727 | Vaults:5 | Noticed a golden dragon
 62733 | Vaults:4 | Killed a golden dragon
 62878 | Vaults:5 | Killed a golden dragon
 62890 | Vaults:5 | Identified the ring of Utaho {Fire Int+3}
 63663 | Vaults:5 | Noticed Sojobo
 63768 | Vaults:5 | Killed Sojobo
 64231 | Vaults:5 | Noticed a dread lich
 64237 | Vaults:5 | Killed a dread lich
 64558 | Vaults:5 | Reached XP level 23. HP: 162/186 MP: 11/47
 65478 | Vaults:5 | Found Ifubb's General Store.
 65684 | Vaults:5 | Got a silver rune of Zot
 66063 | Vaults:5 | Identified the "Lafato" (You acquired it on level 5 of the
                  | Vaults)
 66063 | Vaults:5 | Acquired 832 gold pieces
 66323 | Slime:1  | Entered Level 1 of the Pits of Slime
 68399 | Slime:3  | Learned a level 7 spell: Haunt
 68662 | Slime:3  | Learned a level 6 spell: Conjure Ball Lightning
 68669 | Slime:3  | Upgraded the game from 0.31-a0-920-g28cbb04a8c to
                  | 0.31-a0-925-g0a390f2509
 68870 | Slime:5  | Entered Level 5 of the Pits of Slime
 69675 | Slime:5  | Noticed the Royal Jelly
 70209 | Slime:5  | Found a viscous altar of Jiyva.
 70619 | Slime:5  | Found the +5 glaive of the Guard {elec, spectral}
 70620 | Slime:5  | Found the +7 lajatang of Order {silver, rMut}
 70655 | Slime:5  | Killed the Royal Jelly
 71114 | Slime:5  | Identified the +3 chain mail of Spite {rElec Will+++ Str+4
                  | Int-3}
 71225 | Slime:5  | Identified the +5 short sword of Den Ozup {drain, rElec
                  | rF+++ rC- Int-2}
 71230 | Slime:5  | Got a slimy rune of Zot
 71332 | Slime:5  | Identified the ring "Viekk" {rPois rC+ rN+++ Will- Dex+8}
 72357 | Depths:1 | Entered Level 1 of the Depths
 72939 | Depths:1 | Found an ancient bone altar of Kikubaaqudgha.
 73180 | Depths:1 | Found a gateway to Hell.
 73409 | Depths:2 | Found the ring of the Octopus King
 73504 | Depths:2 | Identified a ring of the Octopus King {rF+ HP+2 AC+2 EV+2
                  | SH+2}
 73537 | Depths:2 | Reached skill level 10 in Armour
 73850 | Depths:2 | Identified the ring of Beogh's Hatred {rC+ Will- Int+4}
 74233 | Depths:2 | Reached XP level 24. HP: 150/195 MP: 18/47
 74343 | Depths:2 | Identified the amulet "Romiruoj" {Reflect rElec rCorr Str+3
                  | Slay+3 SH+5}
 74364 | Depths:2 | Found a one-way gateway to a ziggurat.
 74868 | Depths:2 | Found a one-way gate leading to the halls of Pandemonium.
 75634 | Depths:2 | Paralysed by a floating eye for 4 turns
 75983 | Depths:2 | Found a transporter.
 75987 | Depths:2 | Identified the ring "Caisum" {rCorr Str+6 Int+4 Dex-4}
 76007 | Depths:2 | Found a one-way gate to the infinite horrors of the Abyss.
 76257 | Depths:2 | Learned a level 2 spell: Blink
 76430 | Depths:2 | Found a transporter.
 76646 | Depths:2 | Found Anumneck's Antique Weapon Shop.
 76824 | Depths:2 | Voluntarily entered the Abyss.
 77258 | Abyss:3  | Paralysed by accursed screaming for 1 turns
 77273 | Abyss:3  | Got an abyssal rune of Zot
 77274 | Abyss:3  | Paralysed by accursed screaming for 2 turns
 77280 | Abyss:3  | Paralysed by accursed screaming for 1 turns
 77451 | Depths:2 | Escaped the Abyss
 79664 | Depths:3 | Noticed a juggernaut
 79672 | Depths:3 | Killed a juggernaut
 79675 | Depths:3 | Reached skill level 21 in Spellcasting
 79802 | Depths:3 | Identified the +2 plate armour "Miasahuf" {rPois Str+2
                  | Int+3 SInv}
 80319 | Depths:4 | Entered Level 4 of the Depths
 80679 | Depths:4 | Reached XP level 25. HP: 139/203 MP: 15/48
 82736 | Depths:4 | Found a gate to the Realm of Zot.
 82819 | Depths:4 | Reached skill level 10 in Long Blades
 83340 | Crypt:1  | Entered Level 1 of the Crypt
 83411 | Crypt:1  | Noticed an ancient lich
 83431 | Crypt:1  | Noticed Boris
 83432 | Crypt:1  | Found a shimmering blue altar of Sif Muna.
 83454 | Crypt:1  | Found a transporter.
 83634 | Crypt:1  | Found a magical portal.
 83644 | WizLab   | Entered Iskenderun's Mystic Tower
 84785 | WizLab   | Reached skill level 10 in Dodging
 85493 | Crypt:1  | Killed Boris
 85499 | Crypt:1  | Found a transporter.
 86212 | Crypt:1  | Killed an ancient lich
 86678 | Crypt:1  | Identified the amulet "Nattus" {Acrobat Rampage MP+9 Str+4}
 87987 | Orc:2    | Bought a scroll of amnesia for 116 gold pieces
 88150 | D:9      | Bought a scroll of summoning for 133 gold pieces
 88150 | D:9      | Bought a scroll of revelation for 105 gold pieces
 88150 | D:9      | Bought a scroll of revelation for 105 gold pieces
 88150 | D:9      | Bought 2 scrolls of fog for 112 gold pieces
 88150 | D:9      | Bought a scroll of fear for 56 gold pieces
 88334 | Orc:2    | Bought a book of Fire for 576 gold pieces
 88341 | Orc:2    | Learned a level 6 spell: Plasma Beam
 88749 | Crypt:2  | Reached skill level 15 in Necromancy
 89399 | Crypt:2  | Noticed Frederick
 89408 | Crypt:2  | Killed Frederick
 90183 | Crypt:3  | Entered Level 3 of the Crypt
 90607 | Crypt:3  | Reached XP level 26. HP: 213/213 MP: 16/48
 90929 | Crypt:3  | Reached skill level 5 in Fire Magic
 91310 | Crypt:3  | Noticed Vv
 91325 | Crypt:3  | Found a staircase to the Tomb.
 91331 | Crypt:3  | Killed Vv
 91520 | Crypt:3  | Reached skill level 22 in Spellcasting
 92175 | Crypt:3  | Noticed a dread lich
 92187 | Crypt:3  | Killed a dread lich
 93179 | Crypt:3  | Identified the +1 helmet of Farfalle {Regen+}
 93184 | Crypt:3  | Identified the +7 trident "Vounkefi" {antimagic, rN+}
 93186 | Crypt:3  | Identified the staff "Zurph" {rN+ Str+3 Necro}
 93612 | Zot:1    | Entered Level 1 of the Realm of Zot
 94678 | Zot:1    | Reached skill level 10 in Air Magic
 94796 | Zot:1    | Identified the +11 chain mail of the Realm of Zot {Int+3}
 97374 | Zot:3    | You fall into a shaft and drop 1 floor!
 97483 | Zot:3    | HP: 10/218 [deathcap[a curse toe] (21)]
 97484 | Zot:3    | Mangled by a death cob

Illustrated notes

Levels and vault maps discovered:
D:1:      dpeg_arrival_tiny_j, layout_rooms
D:2:      layout_basic, basic_ecumenical_altar, minmay_diced_spiral
D:3:      layout_basic, zin_scriptorium, mainiacjoe_overflow_brackets,
          gammafunk_ghost_icy, uniq_sigmund
D:4:      layout_rooms, minmay_temple_entry_offerings, minivault_14
D:5:      black_bear_nest_1, layout_basic, gammafunk_ghost_nasty_kobolds,
          grunt_decor_cap
D:6:      minmay_chambers_of_fours, layout_gridville,
          nicolae_overflow_hallway_of_the_gods, cheibrodos_sewer_entry_bend
D:7:      layout_loops_corners, lightli_ossuary_entry_decrepit_ruins
D:8:      layout_rooms
D:9:      layout_rooms, serial_shops, shop_coins, enter_bailey_3
D:10:     layout_basic, grunt_temple_overflow_diamond, hellmonk_lair_entry_icy
D:11:     layout_basic, orc_0_dummy, nicolae_ru_great_annihilating_truth
D:12:     layout_cave_pods
D:13:     minmay_the_grid_triangle_9x9_rhombus_thin
          [minmay_the_grid_triangle_9x9_zippers_horizontal,
          minmay_the_grid_triangle_9x9_prize_top_heavy,
          minmay_the_grid_triangle_9x9_alien,
          minmay_the_grid_triangle_9x9_fully_insulated_deathbox],
          layout_small_grid, minmay_protected_statue, uniq_urug
D:14:     dreamdust_wu_jian_sword_trials, layout_cross,
          hellmonk_vaults_order_and_chaos, slow_altar_1, uniq_roxanne
D:15:     hangedman_depths_entry_civil_slaughter, layout_loops_ring,
          dreamdust_princess_bridge
Temple:   eino_wide_crystal_templ
Lair:1:   layout_roguey [special_room_bee], st_stairs_3, minivault_26
Lair:2:   layout_loops_ring, minmay_swamp_entry_worms,
          pdpol_lair_neglected_garden, uniq_gastronok
Lair:3:   layout_gridlike, guppyfry_snake_entry_island,
          nicolae_volcano_entry_lava_flow, infiniplex_staircase_pool
Lair:4:   layout_regular_city, nicolae_slime_entry_field_trip,
          grunt_forest_stairs_basic
Lair:5:   cheibrodos_lair_end_hotspot, layout_regular_city,
          gammafunk_ghost_wrathful_warriors
Swamp:1:  layout_basic_swamp, ebering_ghost_rock_garden,
          nicolae_swamp_some_circles
Swamp:2:  layout_falls_marsh, evilmike_swamp_ruin_house_1, swamp_pool2
Swamp:3:  nicolae_swamp_long_stream, layout_falls_marsh,
          nicolae_swamp_little_tower, uniq_bai_suzhen
Swamp:4:  byrel_swamp_growth_death_and_undeath, layout_basic_swamp,
          gammafunk_ghost_grave, infiniplex_staircase_pool_2
Snake:1:  layout_layer_cave, grunt_megastairs_3, uniq_aizul, uniq_donald
Snake:2:  layout_grid_maze, nicolae_snake_round_shape_thing,
          nicolae_snake_gridmaze_spiral, lemuel_fruit_tree, uniq_saint_roka,
          uniq_asterion
Snake:3:  layout_cave_town, serial_shops, nicolae_shop_back_alley_shop,
          serial_bayou_shore_b, grunt_megastairs_4, uniq_kirke
Snake:4:  grunt_snake_rune_pools, layout_cave_town, nicolae_snake_biting_tails,
          nicolae_shop_overcharged_wands
Slime:1:  layout_caves, nicolae_slime_getting_an_eyeful
Slime:2:  layout_caves
Slime:3:  layout_caves
Slime:4:  nicolae_slime_pool, layout_caves
Slime:5:  slime_pit_nicolae_trefoil
Orc:1:    dreamdust_under_siege, layout_caves, minmay_orc_treasury
Orc:2:    grunt_orc_cross, layout_caves, serial_shops, nicolae_shop_mannequins,
          nicolae_shop_just_a_little_nook, shop
Elf:1:    nicolae_elf_arrival_fired_up, layout_gridlike, serial_shops,
          bzr_entry_road, minivault_28, hangedman_glass_teeth
Elf:2:    elven_hall_of_blades_hangedman_original
          [nicolae_blade_entry_crossed_weapons], layout_geoelf_octagon,
          david_defended_altar_elf
Elf:3:    grunt_elf_hall_spiral, layout_onion_city,
          portal_ice_cave_entry_pillars_1, lemuel_flamethrower_2
Vaults:1: nicolae_vaults_trapezoid_lopsided_3, vaults_dpeg_hooks,
          vaults_mumra_hexcomb, nicolae_vaults_trapezoid_lopsided_3,
          nicolae_vaults_twisting_passages, nicolae_vaults_weapon_check,
          nicolae_vaults_trapezoid_lopsided_2, vaults_standard_mumra_lines,
          nicolae_vaults_more_shelving_2, vaults_room_grunt_arrival_checkpoint,
          ontoclasm_vaults_ligature, nicolae_vaults_trapezoid_2,
          ontoclasm_vaults_fault, nicolae_vaults_little_squares_1,
          vaults_room_semicircle, layout_vaults_omnicross
Vaults:2: ontoclasm_vaults_pinch, vaults_dpeg_spiral,
          nicolae_vaults_network_star, ontoclasm_vaults_twist, v_misc_5,
          grunt_vaults_funnel, nicolae_vaults_taking_the_gang_shopping,
          nicolae_vaults_lightning_bolt,
          nicolae_vaults_antechamber_and_loot_room, dpeg_vaults_monster_box,
          nicolae_vaults_triangles, layout_vaults_omnigrid, serial_shops,
          nicolae_shop_window_shopping
Vaults:3: grunt_vaults_twisty, nicolae_vaults_ninety_degrees,
          minmay_crypt_entry_simple_sparse, nicolae_vaults_circle_grid_b,
          nicolae_vaults_tetromino_Z_2, nicolae_vaults_little_squares_1,
          vaults_standard_mumra_enter_the_diamond,
          nicolae_vaults_storage_closets_2, nicolae_vaults_crenellated_ambush,
          nicolae_vaults_six-pack, nicolae_vaults_shelves_hall,
          vaults_dpeg_ring, v_misc_24, nicolae_vaults_house_3,
          hangedman_vaults_stagger, layout_vaults_maze_bifur, serial_shops, shop
Vaults:4: nicolae_vaults_storage_room_doors, nicolae_vaults_big_angled_halls,
          nicolae_vaults_double_plus_3, nicolae_vaults_stairing_the_circle,
          v_rooms_5, st_greater_box_5, vaults_dpeg_doors,
          nicolae_vaults_gold_heap, ontoclasm_vaults_chip,
          nicolae_vaults_mini_display_case, layout_vaults_omnibox, serial_shops,
          nicolae_shop_tiny_statue_garden, uniq_xtahua, uniq_margery,
          uniq_mennas
Vaults:5: uniq_sojobo
Crypt:1:  gammafunk_sealed_library, layout_chaotic_city, mu_enter_wizlab_4,
          grunt_crypt_arrival_split, uniq_boris
Crypt:2:  layout_catacombs, minivault_24, uniq_frederick
Crypt:3:  due_elkab, layout_chaotic_city, minicrypt_bobbens, uniq_vv
Depths:1: layout_cave_shapes, grunt_hell_entry_dis_grunt,
          nicolae_concentric_dashed_squares_wild, kiku_gazebo_pond_becter
Depths:2: hangedman_spin_cycle, pan_entry, abyss_entry, hell_entry
Depths:3: minmay_shrinking_squares, layout_gridlike, abyss_entry,
          minmay_misc_feat_nine_boxes, hellmouth_3, serial_bayou_crossing
Depths:4: grunt_zot_entry_gee_three, layout_basic, rand_demon_pan_entry_4,
          serial_sigils, serial_sigils_hangedman_stare,
          serial_sigils_hangedman_quiver, serial_sigils_hangedman_writhe,
          pf_dread_powers_of_hell, serial_bayou_ford_a, grunt_ministairs_10,
          serial_bayou_lagoon_a
Zot:1:    layout_twisted_circle, bh_zot_levy_curve
Zot:2:    kennysheep_spiral_hall, layout_onion
Zot:3:    layout_misc_corridors, evilmike_ambush [evilmike_ambush_outer_basic,
          evilmike_ambush_inner_pond], grunt_megastairs_1
Zot:4:    layout_cathedral_of_symmetry, lemuel_lake_of_fire

Skill      XL: |  1  2  3  4  5  6  7  8  9 10 11 12 13 14 15 16 17 18 19 20 21 22 23 24 25 26 |
---------------+-------------------------------------------------------------------------------+-----
Spellcasting   | 3 4 5 7 9 11 14 15 16 17 18 20 21 22 | 22.0
Earth Magic    | 3 4 5 7 8 9 10 | 10.0
Conjurations   | 2 3 4 6 7 8 9 10 11 12 13 | 13.0
Fighting       | 2 3 5 6 7 8 9 11 12 13 14 15 16 17 18 20 | 20.0
Dodging        | 2 3 4 6 7 8 9 10 | 10.0
Air Magic      | 1 2 3 4 6 7 8 9 10 | 10.8
Poison Magic   | 1 2 |  2.0
Ice Magic      | 1 2 3 5 7 10 11 12 13 14 | 14.0
Summonings     | 3 4 6 8 10 11 12 13 | 13.0
Translocations | 2 |  2.0
Armour         | 3 6 7 8 9 10 11 12 | 12.3
Shields        | 4 5 6 8 9 10 11 | 11.0
Fire Magic     | 3 4 8 |  8.2
Transmutations | 2 |  2.0
Necromancy     | 4 6 8 9 10 11 13 15 16 | 16.5
Stealth        | 3 |  3.0
Long Blades    | 3 4 5 6 7 9 11 12 | 12.8

Action                     |  1- 3 |  4- 6 |  7- 9 | 10-12 | 13-15 | 16-18 | 19-21 | 22-24 | 25-27 || total
---------------------------+-------+-------+-------+-------+-------+-------+-------+-------+-------++-------
  Melee: Long sword        |     4 |       |       |       |       |       |       |       |       ||     4
         Bo                |       |     6 |     3 |     7 |    10 |       |     6 |    12 |     1 ||    45
         Dagger            |       |       |       |     1 |       |       |     1 |       |       ||     2
         Trident           |       |       |       |       |     1 |       |       |       |       ||     1
         Double sword      |       |       |       |       |       |     6 |    12 |       |   299 ||   317
         Demon blade       |       |       |       |       |       |       |    32 |    98 |   200 ||   330
         Short sword       |       |       |       |       |       |       |       |     8 |       ||     8
  Throw: Throwing net      |       |       |     1 |       |       |       |       |       |       ||     1
         Dart              |       |       |       |       |     2 |       |       |       |       ||     2
   Cast: Sandblast         |    63 |    20 |    32 |       |       |       |       |       |       ||   115
         Stone Arrow       |     1 |    26 |   223 |   304 |   383 |   126 |   124 |    55 |    18 ||  1260
         Mephitic Cloud    |       |       |     6 |     9 |    30 |     1 |       |       |       ||    46
         Call Canine Famil |       |       |     1 |     4 |     6 |       |       |       |       ||    11
         Freezing Cloud    |       |       |       |    41 |   148 |    47 |    48 |     9 |       ||   293
         Iskenderun's Myst |       |       |       |     6 |    36 |     4 |       |       |       ||    46
         Iskenderun's Batt |       |       |       |       |    88 |    42 |    29 |    25 |     8 ||   192
         Fireball          |       |       |       |       |    39 |    18 |    11 |    19 |    13 ||   100
         Bombard           |       |       |       |       |    71 |    63 |   171 |   297 |   202 ||   804
         Ozocubu's Refrige |       |       |       |       |    25 |   303 |   102 |   207 |    48 ||   685
         Borgnjor's Vile C |       |       |       |       |     7 |   127 |   208 |   116 |   124 ||   582
         Irradiate         |       |       |       |       |     7 |    14 |    26 |    39 |    44 ||   130
         Spellforged Servi |       |       |       |       |       |     3 |    87 |    72 |    41 ||   203
         Simulacrum        |       |       |       |       |       |       |    37 |    26 |    11 ||    74
         Conjure Ball Ligh |       |       |       |       |       |       |       |    13 |    20 ||    33
         Haunt             |       |       |       |       |       |       |       |     4 |    62 ||    66
         Plasma Beam       |       |       |       |       |       |       |       |       |    24 ||    24
         Blink             |       |       |       |       |       |       |       |       |    12 ||    12
  Evoke: Lightning rod     |       |       |       |       |     4 |       |       |       |       ||     4
         Wand              |       |       |       |       |       |       |     1 |     1 |       ||     2
    Use: Scroll            |       |     2 |     9 |     6 |    17 |     5 |    15 |    27 |    16 ||    97
   Stab: Distracted        |       |       |       |       |       |       |     3 |     5 |     5 ||    13
         Sleeping          |       |       |       |       |       |       |       |       |     1 ||     1
 Armour: Robe              |    11 |    25 |    36 |    17 |       |       |       |       |       ||    89
         Acid dragon scale |       |       |       |    79 |   166 |   150 |   263 |   281 |       ||   939
         Fire dragon scale |       |       |       |       |       |       |       |   102 |   692 ||   794
  Dodge: Dodged            |    18 |    14 |    41 |    61 |    76 |    48 |   127 |   171 |   289 ||   845
  Block: Buckler           |       |       |       |     5 |    36 |    27 |    82 |   158 |   452 ||   760
         Kite shield       |       |       |       |       |       |     4 |     1 |   145 |       ||   150
         Reflection        |       |       |       |       |       |     2 |       |    39 |     5 ||    46

Table legend: (Time is in decaauts)
 A = Elapsed time spent in this place.
 B = Non-inter-level travel time spent in this place.
 C = Inter-level travel time spent in this place.
 D = Time resting spent in this place.
 E = Time spent auto-exploring this place.
 F = Levels seen in this place.
 G = Mean time per level.
                   A        B        C        D        E       F      G
               +--------+--------+--------+--------+--------+-----+--------+
         Total |  97642 |  90197 |   7445 |  36909 |  35545 |  66 | 1479.4 |
       Dungeon |  18371 |  15658 |   2713 |   5018 |   7744 |  15 | 1224.7 |
        Temple |      1 |      1 |      0 |      0 |      0 |   1 |    1.0 |
          Lair |   7224 |   6469 |    755 |   1826 |   3280 |   5 | 1444.8 |
         Swamp |   4476 |   4254 |    222 |   1551 |   1957 |   4 | 1119.0 |
     Snake Pit |   6549 |   6140 |    409 |   1745 |   3451 |   4 | 1637.2 |
    Slime Pits |   5870 |   5611 |    259 |   2678 |   2035 |   5 | 1174.0 |
  Orcish Mines |   4706 |   3986 |    720 |   1478 |   1535 |   2 | 2353.0 |
   Elven Halls |   6386 |   6096 |    290 |   2932 |   1930 |   3 | 2128.7 |
        Vaults |  17065 |  16040 |   1025 |   7754 |   5349 |   5 | 3413.0 |
         Crypt |   7398 |   6886 |    512 |   2820 |   2374 |   3 | 2466.0 |
        Depths |  10512 |  10019 |    493 |   5381 |   3164 |   4 | 2628.0 |
           Zot |   3329 |   3284 |     45 |   1288 |   1427 |   4 |  832.2 |
         Abyss |    615 |    615 |      0 |    245 |      0 |   4 |  153.8 |
        Bazaar |    160 |    160 |      0 |      0 |     72 |   1 |  160.0 |
         Sewer |    746 |    746 |      0 |    114 |    487 |   1 |  746.0 |
       Ossuary |    644 |    644 |      0 |    202 |    121 |   1 |  644.0 |
        Bailey |    453 |    453 |      0 |    181 |    116 |   1 |  453.0 |
      Ice Cave |   1149 |   1149 |      0 |    505 |    288 |   1 | 1149.0 |
       Volcano |    190 |    190 |      0 |     20 |      0 |   1 |  190.0 |
        Wizlab |   1788 |   1788 |      0 |   1169 |    213 |   1 | 1788.0 |
               +--------+--------+--------+--------+--------+-----+--------+

Top non-repeatable levels by time:
Vaults:4: 4814 daAuts
Depths:2: 3826 daAuts
Vaults:3: 3564 daAuts
Depths:4: 3400 daAuts
Vaults:2: 3348 daAuts
 Crypt:3: 3057 daAuts
   Elf:3: 2903 daAuts
Vaults:1: 2865 daAuts
    D:13: 2599 daAuts
   Orc:1: 2576 daAuts
Vaults:5: 2472 daAuts
   Elf:2: 2285 daAuts
Depths:3: 2255 daAuts
  Lair:5: 2203 daAuts
 Crypt:1: 2200 daAuts
